 Dungeon Crawl Stone Soup version 0.13-a0-2884-gbbf8bdf (webtiles) character file.

232 M4edhros the Fey Octopus (level 5, -2/35 HPs)
             Began as an Octopode Death Knight on Aug 29, 2013.
             Was a Believer of Yredelemnul.
             Slain by an orc
             ... wielding a -1,+1 orcish falchion
              (5 damage)
             ... on Level 4 of the Dungeon.
             The game lasted 00:03:43 (2406 turns).

M4edhros the Fey Octopus (Octopode Death Knight)    Turns: 2406, Time: 00:03:44

HP  -2/35        AC  1     Str 13      XL: 5   Next:  5%
MP   9/9         EV 12     Int 14      God: Yredelemnul [**....]
Gold 111         SH  0     Dex 11      Spells:  0 memorised,  4 levels left

Res.Fire  : . . .   See Invis. : .   a - +1 spear {=f}
Res.Cold  : . . .   Warding    : .   (no shield)
Life Prot.: . . .   Conserve   : .   (helmet restricted)
Res.Poison: .       Res.Corr.  : .   (no amulet)
Res.Elec. : .       Clarity    : .   (no ring)
Sust.Abil.: . .     Spirit.Shd : .   (no ring)
Res.Mut.  : .       Stasis     : .   (no ring)
Res.Rott. : .       Flight     : .   (no ring)
Saprovore : . . .                    (no ring)
                                     (no ring)
                                     (no ring)
                                     (no ring)

@: slightly resistant to hostile enchantments, fairly stealthy
A: almost no armour, amphibious, 8 rings, constrict 8, camouflage 1, AC +1
a: Animate Remains, Recall Undead Slaves, Injury Mirror, Renounce Religion


You were on level 4 of the Dungeon.
You worshipped Yredelemnul.
Yredelemnul was greatly pleased with you.
You were not hungry.

You visited 1 branch of the dungeon, and saw 4 of its levels.

You collected 91 gold pieces.

Inventory:

Hand weapons
 a - a +1,+1 spear (weapon) {=f}
 k - a +4,+3 quarterstaff of chaos
Comestibles
 c - 2 bread rations
 l - a cheese
 n - a lemon
 p - a choko
 q - a rotting chunk of orc flesh
Scrolls
 b - a scroll of enchant weapon II {unknown}
 g - 5 scrolls of identify
 h - a scroll of remove curse {unknown}
 j - 2 scrolls of enchant weapon I
 m - a scroll of random uselessness {unknown}
Jewellery
 d - an uncursed amulet of the gourmand {unknown}
Potions
 e - a potion of agility {unknown}
 i - a potion of heal wounds {unknown}


   Skills:
 + Level 2.9 Fighting
 + Level 3.1 Polearms
 + Level 2.5 Dodging
 - Level 0.8 Stealth
 - Level 3.8 Invocations


You had 4 spell levels left.
You didn't know any spells.

Dungeon Overview and Level Annotations

Branches:
Dungeon (4/27)
 Temple: D:4-7

Altars:
Elyvilon
Nemelex Xobeh


Innate Abilities, Weirdness & Mutations

You cannot wear most types of armour.
You are amphibious.
You can wear up to eight rings at the same time.
You can use your tentacles to constrict many enemies at once.
Your skin changes colour to match your surroundings (Stlth).
Your rubbery body absorbs attacks (AC +1).


Message History

You closely miss the worker ant. You grab the worker ant.
You constrict the worker ant. You constrict the orc. The worker ant bites you.
The orc closely misses you. The goblin hits you with a dagger.
A rat comes into view.
You hit the goblin. Your grab misses the goblin.
The goblin is severely wounded.
You constrict the worker ant, but do no damage.
You constrict the orc. The worker ant bites you!
* * * LOW HITPOINT WARNING * * *
The orc hits you with an orcish falchion.
* * * LOW HITPOINT WARNING * * *
Drink which item? (? for menu, Esc to quit)
You feel better.
You constrict the worker ant.
You constrict the orc, but do no damage.
The worker ant bites you!
* * * LOW HITPOINT WARNING * * *
The goblin hits you but does no damage.
The orc hits you with an orcish falchion.
You die...
Your body rises from the dead as a mindless zombie.

... #........
#...r.....
#..........
#...........
#...........
#...........
#...og.......
#...@a.....:.
#............
#...........
#...........
#...........
#..........
#.........
#........ ...


You could see a worker ant, an orc, a goblin and a rat.

Vanquished Creatures
  Crazy Yiuf (D:2)
  3 adders
  An ooze (D:1)
  3 orcs (D:3)
  A ball python (D:1)
  7 goblins
  7 hobgoblins
  8 bats
  5 giant newts
  4 jackals (D:1)
  11 kobolds
  11 rats
62 creatures vanquished.

Notes
Turn   | Place    | Note
--------------------------------------------------------------
     0 | D:1      | M4edhros, the Octopode Death Knight, began the quest for the Orb.
     0 | D:1      | Reached XP level 1. HP: 14/14 MP: 2/2
   220 | D:1      | Reached XP level 2. HP: 19/19 MP: 4/4
   734 | D:1      | Reached XP level 3. HP: 24/24 MP: 5/5
   836 | D:2      | Acquired Yredelemnul's second power
  1399 | D:2      | Found a white marble altar of Elyvilon.
  1472 | D:2      | Reached XP level 4. HP: 25/30 MP: 7/7
  1602 | D:2      | Found a sparkling altar of Nemelex Xobeh.
  1622 | D:2      | Noticed Crazy Yiuf
  1635 | D:2      | Killed Crazy Yiuf
  2133 | D:3      | Reached XP level 5. HP: 28/35 MP: 9/9
  2406 | D:4      | Slain by an orc

Action                   |  1- 3 |  4- 6 || total
-------------------------+-------+-------++-------
Melee: Spear             |   109 |    64 ||   173
  Use: Potion            |     5 |     3 ||     8
       Scroll            |     4 |     1 ||     5
 Stab: Sleeping          |     5 |       ||     5
